MLB
BOSTON RED SOX @ NEW YORK YANKEES
08/02/2019
 
TOP OF THE 1ST
Boston Red Sox batting - Pitching for New York Yankees : LHP Caleb Ferguson
Pitching: LHP Caleb Ferguson
Batting: RHB Victor Robles 0-0: Ball
1-0: Called Strike
1-1: Swinging Strike
1-2: Ball
2-2: Strikes out swinging
Batting: RHB Pablo Reyes 0-0: Ball
1-0: Fly out, F2 (Popup, 2LF, EV 93.1 MPH)
Batting: RHB Tim Federowicz 0-0: Swinging Strike
0-1: Ball
1-1: Ball
2-1: Ground out 6-3 (Groundball, 6, EV 88.8 MPH)
Top of the 1st over - 0 runs, 0 hits, 0 errors, 0 left on base; Boston 0 - New York 0
BOTTOM OF THE 1ST
New York Yankees batting - Pitching for Boston Red Sox : RHP Tyson Ross
Pitching: RHP Tyson Ross
Batting: LHB Tony Kemp 0-0: Called Strike
0-1: Called Strike
0-2: Ball
1-2: Ground out U3 (Groundball, 3, EV 85.6 MPH)
Batting: LHB Scooter Gennett 0-0: Bunt for hit to 25 - play at first, batter OUT! 5-3
Batting: RHB Anthony Rendon 0-0: Called Strike
0-1: Ball
1-1: Fly out, F9 (Line Drive, 9, EV 85.0 MPH)
Bottom of the 1st over - 0 runs, 0 hits, 0 errors, 0 left on base; Boston 0 - New York 0
TOP OF THE 2ND
Boston Red Sox batting - Pitching for New York Yankees : LHP Caleb Ferguson
Batting: LHB Greg Bird 0-0: Called Strike
0-1: Ball
1-1: Ball
2-1: Foul Ball, location: 2F
2-2: Foul Ball, location: 2F
2-2: Ball
3-2: Fly out, F9 (Flyball, 9LDF, EV 108.8 MPH)
Batting: RHB Eduardo Nunez 0-0: Ball
1-0: Ground out 5-3 (Groundball, 56, EV 108.1 MPH)
Batting: RHB Albert Pujols 0-0: Called Strike
0-1: Ball
1-1: Ball
2-1: Foul Ball, location: 2F
2-2: Strikes out swinging
Top of the 2nd over - 0 runs, 0 hits, 0 errors, 0 left on base; Boston 0 - New York 0
BOTTOM OF THE 2ND
New York Yankees batting - Pitching for Boston Red Sox : RHP Tyson Ross
Batting: LHB Charlie Blackmon 0-0: Called Strike
0-1: Ball
1-1: SINGLE (Groundball, 4D, EV 108.1 MPH)
Batting: LHB Willie Calhoun 0-0: Ball
1-0: Grounds into double play, 6-4-3 (Groundball, 6, EV 80.0 MPH)
Batting: RHB Ryan Braun 0-0: Ball
1-0: Ball
2-0: Ball
3-0: Called Strike
3-1: Called Strike
3-2: Base on Balls
Batting: RHB Paul Goldschmidt 0-0: Ball
1-0: Ball
2-0: Foul Ball, location: 2F
2-1: Foul Ball, location: 2F
2-2: Ball
3-2: Foul Ball, location: 2F
3-2: Base on Balls
Ryan Braun to second
Batting: RHB James McCann 0-0: Ball
1-0: Foul Ball, location: 2F
1-1: Foul Ball, location: 2F
1-2: Ball
2-2: Strikes out looking
Bottom of the 2nd over - 0 runs, 1 hit, 0 errors, 2 left on base; Boston 0 - New York 0
TOP OF THE 3RD
Boston Red Sox batting - Pitching for New York Yankees : LHP Caleb Ferguson
Batting: SHB Yangervis Solarte 0-0: Bunt for hit to 3S - play at first, batter OUT! 3-4
Batting: LHB J.P. Crawford 0-0: Called Strike
0-1: Foul Ball, location: 2F
0-2: Strikes out swinging
Batting: LHB Jacoby Ellsbury 0-0: Called Strike
0-1: Ball
1-1: Ball
2-1: Ball
3-1: Base on Balls
Batting: RHB Victor Robles 0-0: Ball
1-0: Ball
2-0: Ball
3-0: Fly out, F3 (Popup, 3S, EV 90.6 MPH)
Top of the 3rd over - 0 runs, 0 hits, 0 errors, 1 left on base; Boston 0 - New York 0
BOTTOM OF THE 3RD
New York Yankees batting - Pitching for Boston Red Sox : RHP Tyson Ross
Batting: LHB Brandon Crawford 0-0: Called Strike
0-1: Ground out U3 (Groundball, 3, EV 81.3 MPH)
Batting: LHB Tony Kemp 0-0: Foul Ball, location: 2F
0-1: Foul Ball, location: 2F
0-2: Ball
1-2: TRIPLE (Line Drive, 78XD, EV 106.3 MPH)
Batting: LHB Scooter Gennett 0-0: Ball
1-0: Called Strike
1-1: Ball
2-1: Foul Ball, location: 2F
2-2: Fly out, F4 (Popup, 4M, EV 49.4 MPH)
Batting: RHB Anthony Rendon 0-0: SINGLE (Groundball, 6MD, EV 103.8 MPH)
Tony Kemp scores
Batting: LHB Charlie Blackmon 0-0: Called Strike
0-1: Fly out, F9 (Line Drive, 9, EV 103.8 MPH)
Bottom of the 3rd over - 1 run, 2 hits, 0 errors, 1 left on base; Boston 0 - New York 1
TOP OF THE 4TH
Boston Red Sox batting - Pitching for New York Yankees : LHP Caleb Ferguson
Batting: RHB Pablo Reyes 0-0: Called Strike
0-1: Ball
1-1: Swinging Strike
1-2: Ball
2-2: Strikes out swinging
Batting: RHB Tim Federowicz 0-0: Ball
1-0: Ball
2-0: Called Strike
2-1: Swinging Strike
2-2: Ground out 5-3 (Groundball, 56S, EV 90.6 MPH)
Batting: LHB Greg Bird 0-0: Ball
1-0: Foul Ball, location: 2F
1-1: Called Strike
1-2: Foul Ball, location: 2F
1-2: Strikes out looking
Top of the 4th over - 0 runs, 0 hits, 0 errors, 0 left on base; Boston 0 - New York 1
BOTTOM OF THE 4TH
New York Yankees batting - Pitching for Boston Red Sox : RHP Tyson Ross
Batting: LHB Willie Calhoun 0-0: Ball
1-0: Ball
2-0: Ball
3-0: Called Strike
3-1: Base on Balls
Batting: RHB Ryan Braun 0-0: Ball
1-0: Ball
2-0: Ball
3-0: Called Strike
3-1: Base on Balls
Willie Calhoun to second
Batting: RHB Paul Goldschmidt 0-0: Foul Ball, location: 2F
0-1: Foul Ball, location: 2F
0-2: Ball
1-2: Foul Ball, location: 2F
1-2: Ball
2-2: Ball
3-2: Base on Balls
Willie Calhoun to third
Ryan Braun to second
Batting: RHB James McCann 0-0: Ball
1-0: Fly out, F8 (Flyball, 8RM, EV 89.4 MPH)
Runner from 3rd tags up, SCORES, throw by CF
Batting: LHB Brandon Crawford 0-0: Swinging Strike
0-1: Ball
1-1: 3-RUN HOME RUN (Flyball, 9LD, EV 114.4 MPH), Distance : 337 ft
Pitching: RHP Connor Sadzeck
Batting: LHB Tony Kemp 0-0: Ball
1-0: Ball
2-0: DOUBLE (Line Drive, 9LM, EV 99.4 MPH)
Batting: LHB Scooter Gennett 0-0: Fly out, F7 (Flyball, 7D, EV 103.1 MPH)
Batting: RHB Anthony Rendon 0-0: Ball
1-0: Swinging Strike
1-1: Ball
2-1: Ground out 6-3 (Groundball, 6, EV 85.0 MPH)
Bottom of the 4th over - 4 runs, 2 hits, 0 errors, 1 left on base; Boston 0 - New York 5
TOP OF THE 5TH
Boston Red Sox batting - Pitching for New York Yankees : LHP Caleb Ferguson
Batting: RHB Eduardo Nunez 0-0: Reached on error, E5 (Groundball, 56, EV 107.5 MPH)
Batting: RHB Albert Pujols 0-0: Foul Ball, location: 2F
0-1: Ball
1-1: Ball
2-1: Called Strike
2-2: Foul Ball, location: 2F
2-2: Strikes out swinging
Batting: SHB Yangervis Solarte 0-0: Ball
1-0: Foul Ball, location: 2F
1-1: Fielders Choice at 2nd, 6-4 (Groundball, 56, EV 89.4 MPH)
Batting: LHB J.P. Crawford 0-0: Ball
1-0: Ball
2-0: Foul Ball, location: 2F
2-1: Called Strike
2-2: Foul Ball, location: 2F
2-2: Strikes out swinging
Top of the 5th over - 0 runs, 0 hits, 1 error, 1 left on base; Boston 0 - New York 5
BOTTOM OF THE 5TH
New York Yankees batting - Pitching for Boston Red Sox : RHP Connor Sadzeck
Batting: LHB Charlie Blackmon 0-0: Called Strike
0-1: SINGLE (Line Drive, 7S, EV 89.4 MPH)
Batting: LHB Willie Calhoun 0-0: Swinging Strike
0-1: Ball
1-1: Grounds into double play, 4-6-3 (Groundball, 4, EV 103.1 MPH)
Pitching: RHP Oliver Drake
Batting: RHB Ryan Braun 0-0: Ball
1-0: Foul Ball, location: 2F
1-1: Ball
2-1: Fly out, F7 (Flyball, 7, EV 87.5 MPH)
Bottom of the 5th over - 0 runs, 1 hit, 0 errors, 0 left on base; Boston 0 - New York 5
TOP OF THE 6TH
Boston Red Sox batting - Pitching for New York Yankees : LHP Caleb Ferguson
Batting: LHB Jacoby Ellsbury 0-0: Ball
1-0: Foul Ball, location: 2F
1-1: Ball
2-1: Foul Ball, location: 2F
2-2: Strikes out swinging
Batting: RHB Victor Robles 0-0: SINGLE (Popup, 6MD, EV 56.3 MPH)
Batting: RHB Pablo Reyes 0-0: Ball
1-0: Fly out, F7 (Flyball, 78M, EV 85.0 MPH)
Batting: RHB Tim Federowicz 0-0: SINGLE (Groundball, 6MD, EV 100.0 MPH)
Victor Robles to second
Runner from 2nd tries for 3rd, SAFE, throw by CF made to third
Batting: LHB Greg Bird 0-0: Ball
Wild Pitch!
Victor Robles scores
Tim Federowicz to second
1-0: Swinging Strike
1-1: Called Strike
1-2: Foul Ball, location: 2F
1-2: Ball
2-2: Foul Ball, location: 2F
2-2: Foul Ball, location: 2F
2-2: 2-RUN HOME RUN (Flyball, 78XD, EV 110.0 MPH), Distance : 424 ft
Batting: RHB Eduardo Nunez 0-0: SINGLE (Line Drive, 5D, EV 95.0 MPH)
Pitching: LHP Xavier Cedeno
Batting: RHB Albert Pujols 0-0: Ball
1-0: Foul Ball, location: 2F
1-1: Ball
2-1: Foul Ball, location: 2F
2-2: Ball
3-2: Base on Balls
Eduardo Nunez to second
Batting: SHB Yangervis Solarte 0-0: Ball
1-0: Fielders Choice at 2nd, 6-4 (Groundball, 6, EV 79.4 MPH)
Top of the 6th over - 3 runs, 4 hits, 0 errors, 2 left on base; Boston 3 - New York 5
BOTTOM OF THE 6TH
New York Yankees batting - Pitching for Boston Red Sox : RHP Oliver Drake
Batting: RHB Paul Goldschmidt 0-0: Called Strike
0-1: Swinging Strike
0-2: Strikes out looking
Batting: RHB James McCann 0-0: Called Strike
0-1: Ball
1-1: Ball
2-1: Called Strike
2-2: Strikes out swinging
Batting: LHB Brandon Crawford 0-0: Ball
1-0: Called Strike
1-1: Swinging Strike
1-2: Foul Ball, location: 2F
1-2: Foul Ball, location: 2F
1-2: Fly out, F7 (Flyball, 78S, EV 84.4 MPH)
Bottom of the 6th over - 0 runs, 0 hits, 0 errors, 0 left on base; Boston 3 - New York 5
TOP OF THE 7TH
Boston Red Sox batting - Pitching for New York Yankees : LHP Xavier Cedeno
Batting: LHB J.P. Crawford 0-0: Swinging Strike
0-1: Ball
1-1: Swinging Strike
1-2: Ball
2-2: Strikes out swinging, 2-3 out at first.
Batting: LHB Jacoby Ellsbury 0-0: Called Strike
0-1: Fly out, F7 (Flyball, 7D, EV 85.0 MPH)
Batting: RHB Victor Robles 0-0: Ball
1-0: Ball
2-0: Called Strike
2-1: Ball
3-1: Foul Ball, location: 2F
3-2: Fly out, F8 (Line Drive, 8LD, EV 90.6 MPH)
Top of the 7th over - 0 runs, 0 hits, 0 errors, 0 left on base; Boston 3 - New York 5
BOTTOM OF THE 7TH
New York Yankees batting - Pitching for Boston Red Sox : RHP Oliver Drake
Pitching: RHP Colton Murray
Batting: LHB Tony Kemp 0-0: Ball
1-0: Called Strike
1-1: SINGLE (Line Drive, 89M, EV 88.1 MPH)
Batting: LHB Scooter Gennett 0-0: Ball
1-0: Ball
2-0: Sac Bunt to 5S - play at first, batter OUT! 5-3
Tony Kemp to second
Batting: RHB Anthony Rendon 0-0: Ball
1-0: SINGLE (Groundball, 34D, EV 104.4 MPH)
Tony Kemp to third
Runner from 3rd tries for Home, SAFE, throw by RF to home
Batting: LHB Charlie Blackmon 0-0: Ball
Wild Pitch!
Anthony Rendon to second
1-0: Intentional Walk
Pitching: LHP Mike Kickham
Batting: LHB Willie Calhoun 0-0: Fly out, F9 (Flyball, 9, EV 88.1 MPH)
Batting: RHB Ryan Braun 0-0: 3-RUN HOME RUN (Flyball, 7D, EV 108.8 MPH), Distance : 387 ft
Batting: RHB Paul Goldschmidt 0-0: Ball
1-0: Ball
2-0: Ball
3-0: Base on Balls
Batting: RHB James McCann 0-0: Fly out, F9 (Flyball, 9S, EV 87.5 MPH)
Bottom of the 7th over - 4 runs, 3 hits, 0 errors, 1 left on base; Boston 3 - New York 9
TOP OF THE 8TH
Boston Red Sox batting - Pitching for New York Yankees : LHP Xavier Cedeno
Batting: RHB Pablo Reyes 0-0: Ball
1-0: Ball
2-0: Ball
3-0: Ground out 3-1 (Groundball, 34, EV 88.1 MPH)
Batting: RHB Tim Federowicz 0-0: Ball
1-0: Ball
2-0: SINGLE (Groundball, 56D, EV 96.3 MPH)
Batting: LHB Greg Bird 0-0: Called Strike
0-1: Called Strike
0-2: Foul Ball, location: 2F
0-2: Ball
1-2: Fly out, F6 (Popup, 6M, EV 60.6 MPH)
Batting: RHB Eduardo Nunez 0-0: Foul Ball, location: 2F
0-1: Foul Ball, location: 2F
0-2: Ball
1-2: Foul Ball, location: 2F
1-2: Ball
2-2: Foul Ball, location: 2F
2-2: SINGLE (Line Drive, 78S, EV 92.5 MPH)
Tim Federowicz to second
Batting: RHB Albert Pujols 0-0: Swinging Strike
0-1: Ball
1-1: Swinging Strike
1-2: Ball
2-2: Ball
3-2: Strikes out swinging
Top of the 8th over - 0 runs, 2 hits, 0 errors, 2 left on base; Boston 3 - New York 9
BOTTOM OF THE 8TH
New York Yankees batting - Pitching for Boston Red Sox : LHP Mike Kickham
Batting: LHB Brandon Crawford 0-0: Ball
1-0: Foul Ball, location: 2F
1-1: Swinging Strike
1-2: Strikes out looking
Batting: LHB Tony Kemp 0-0: Ball
1-0: Called Strike
1-1: Ball
2-1: SINGLE (Groundball, 4MD, EV 96.3 MPH)
Batting: LHB Scooter Gennett 0-0: Foul Ball, location: 2F
0-1: Ball
1-1: Grounds into double play, 4-6-3 (Groundball, 4D, EV 82.5 MPH)
Bottom of the 8th over - 0 runs, 1 hit, 0 errors, 0 left on base; Boston 3 - New York 9
TOP OF THE 9TH
Boston Red Sox batting - Pitching for New York Yankees : LHP Xavier Cedeno
Pitching: RHP Ryan Helsley
Batting: SHB Yangervis Solarte 0-0: Fly out, F2 (Popup, 2L, EV 88.1 MPH)
Batting: LHB J.P. Crawford 0-0: Called Strike
0-1: Swinging Strike
0-2: Ball
1-2: Foul Ball, location: 2F
1-2: Strikes out swinging
Batting: LHB Jacoby Ellsbury 0-0: Ball
1-0: Called Strike
1-1: Foul Ball, location: 2F
1-2: Strikes out swinging
Top of the 9th over - 0 runs, 0 hits, 0 errors, 0 left on base; Boston 3 - New York 9
Wednesday, November 6th, 2019 - OOTP Baseball 20.6 Build 55